 Dungeon Crawl Stone Soup version 0.30-a0-122-g2a1322497e (webtiles) character file.

Game seed: 8008764696073277216

1960 Pooter the Cleaver (level 9, -1/78 HPs)
             Began as a Minotaur Fighter on Sept 15, 2022.
             Was a Believer of Trog.
             Slain by an orc warrior
             ... wielding a +0 war axe
              (8 damage)
             ... in a bailey.
             The game lasted 00:28:59 (6935 turns).

Pooter the Cleaver (Minotaur Fighter)               Turns: 6935, Time: 00:29:00

Health: -1/78      AC: 10    Str: 23    XL:     9   Next: 0%
Magic:  8/8        EV:  8    Int:  5    God:    Trog [**....]
Gold:   378        SH:  5    Dex: 12    Spells: 8/8 levels left

rFire   . . .      SeeInvis .    a - +0 morningstar
rCold   . . .      Faith    .    (no shield)
rNeg    . . .      Spirit   .    o - +1 chain mail
rPois   .          Reflect  +    (helmet restricted)
rElec   .          Harm     .    (no cloak)
rCorr   .          Rampage  .    (no gloves)
Will    .....                    (no boots)
Stlth   ..........               B - amulet of reflection
HPRegen 0.23/turn                (no ring)
MPRegen 0.11/turn                (no ring)

@: brilliant
A: horns 2, retaliatory headbutt
a: Renounce Religion, Berserk, Trog's Hand


You were in a bailey.
You worshipped Trog.
Trog was pleased with you.
You visited 2 branches of the dungeon, and saw 9 of its levels.
You also visited: Bailey.

You collected 378 gold pieces.

Inventory:

Hand Weapons
 a - a +0 morningstar (weapon)
   (You took it off an orc on level 3 of the Dungeon)
 b - a +0 shortbow
   (You found it on level 6 of the Dungeon)
 d - a +0 sling
   (You found it on level 4 of the Dungeon)
 u - a +0 trident
   (You found it on level 1 of the Dungeon)
 w - a +0 war axe
 E - a +5 hand axe
   (You took it off a wight on level 8 of the Dungeon)
 F - a +2 halberd
   (You took it off a wight on level 8 of the Dungeon)
Missiles
 h - 6 javelins
 k - 13 poisoned darts
 s - 11 boomerangs (quivered)
 y - 3 throwing nets {!f}
 C - 6 curare-tipped darts
 Q - 78 stones
Armour
 c - a +1 buckler
 o - a +1 chain mail (worn)
   (You found it on level 3 of the Dungeon)
Jewellery
 v - a ring of ice
   (You found it on level 4 of the Dungeon)
 B - an amulet of reflection (around neck)
   (You found it on level 6 of the Dungeon)
Wands
 f - a wand of flame (25)
   (You found it on level 8 of the Dungeon)
 p - a wand of polymorph (9)
   (You found it on level 3 of the Dungeon)
 x - a wand of acid (3)
   (You found it on level 2 of the Dungeon)
Scrolls
 e - a scroll of poison {unknown}
 g - 5 scrolls of immolation {!r}
 j - 3 scrolls of enchant armour
 n - a scroll of blinking
 r - a scroll of enchant weapon {unknown}
 t - 2 scrolls of teleportation {@r4}
 D - a scroll of magic mapping {unknown}
Potions
 i - a potion of magic {unknown}
 l - 4 potions of brilliance
 m - 3 potions of degeneration {unknown}
 q - 2 potions of mutation {unknown}
 z - a potion of haste {unknown}
 A - 3 potions of curing {unknown}


   Skills:
 + Level 6.9 Fighting
 * Level 8.7 Axes
 * Level 7.0 Ranged Weapons
 - Level 3.6 Armour
 - Level 3.6 Shields
 + Level 3.9 Evocations


You had 8 spell levels left.
You didn't know any spells.
Your spell library contained the following spells:

 Spells                   Type           Power      Damage    Failure   Level
 Static Discharge         Conj/Air       0%         3-3/arc   99%         2
 Dispel Undead            Necr           0%         3d6       100%        4
 Sticky Flame             Conj/Fire      0%         2d3       100%        4
 Blade Hands              Tmut           0%         N/A       100%        5
 Irradiate                Conj/Tmut      0%         3d11      100%        5
 Dragon Form              Tmut           0%         N/A       100%        7


Dungeon Overview and Level Annotations

Branches:
Dungeon (8/15)             Temple (1/1) D:4          Bailey (1/1)
   Lair: D:8-11

Altars:
Cheibriados
Dithmenos
Elyvilon
Fedhas
Gozag
Hepliaklqana
Kikubaaqudgha
Okawaru
Qazlal
Ru
Sif Muna
Trog
Uskayaw
Vehumet
Wu Jian
Xom
The Shining One

Shops:
D:6 [:

Annotations:
Temple 4 transporters


Innate Abilities, Weirdness & Mutations

You have a pair of horns on your head.
You reflexively headbutt those who attack you in melee.


Message History

You shoot an arrow.
The arrow hits the orc warrior but does no damage.
a - a +0 morningstar (weapon)
A kobold comes into view.
The orc warrior barely misses you. You furiously retaliate!
You headbutt the orc warrior, but do no damage.
You barely miss the orc warrior. You headbutt the orc warrior!
You block the orc warrior's attack.
The orc warrior hits you with a +0 war axe!
You closely miss the orc warrior. Your headbutt misses the orc warrior.
The orc warrior hits you with a +0 war axe.
You hit the orc warrior but do no damage.
The orc warrior hits you with a +0 war axe!
You hit the orc warrior. Your headbutt misses the orc warrior.
The orc warrior hits you but does no damage.
You hit the orc warrior. Your headbutt misses the orc warrior.
The orc warrior hits you with a +0 war axe!
The kobold barely misses you. You furiously retaliate!
You headbutt the kobold.
You kill the kobold!
Trog accepts your kill.
You hit the orc warrior but do no damage.
Your headbutt misses the orc warrior.
The orc warrior hits you with a +0 war axe.
* * * LOW HITPOINT WARNING * * *
The orc warrior hits you but does no damage.
You hit the orc warrior but do no damage.
The orc warrior barely misses you.
You closely miss the orc warrior. You block the orc warrior's attack.
Unknown command.
You barely miss the orc warrior. Your headbutt misses the orc warrior.
The orc warrior hits you with a +0 war axe!
* * * LOW HITPOINT WARNING * * *
You barely miss the orc warrior.
The orc warrior hits you with a +0 war axe.
* * * LOW HITPOINT WARNING * * *
The orc warrior completely misses you.
You barely miss the orc warrior. The orc warrior closely misses you.
You furiously retaliate!
You headbutt the orc warrior.
Unknown command.
You miss the orc warrior. Your headbutt misses the orc warrior.
The orc warrior hits you but does no damage.
You closely miss the orc warrior.
The orc warrior hits you with a +0 war axe!
* * * LOW HITPOINT WARNING * * *
The orc warrior hits you with a +0 war axe.
* * * LOW HITPOINT WARNING * * *
It was a potion of brilliance.
You feel clever all of a sudden.
The orc warrior hits you with a +0 war axe!
You die...

####+#### .#.. ##
#.......# ##g≈
≈≈∩#..gooo. ∩≈≈≈≈
≈≈≈#########≈≈≈≈.
≈≈≈≈≈≈≈≈≈≈≈≈≈~..
#≈≈≈≈≈≈≈≈......
#.......(..(..
#..∩.@o...#
##.....(.###
##.....####
##...####
###...##
##.....##
##.......##
#.........#
#....∩....#


You could see 4 orc warriors and 2 gnolls.

Vanquished Creatures
  A steam dragon (D:6)
  A water moccasin (D:7)
  3 sky beasts
  2 ogres
  A phantom (D:5)
  A necrophage (D:6)
  4 scorpions
  5 wights (D:8)
  A howler monkey (D:7)
  2 hounds
  4 orc priests (D:4)
  A gnoll bouda (D:5)
  5 iguanas
  2 orc wizards (D:4)
  5 gnolls
  8 adders
  A white imp (D:5)
  2 worms
  3 dart slugs
  15 orcs
  4 ball pythons
  2 bats
  4 endoplasms
  3 giant cockroaches
  9 hobgoblins
  A jackal (D:2)
  3 quokkas (D:4)
  3 frilled lizards
  12 goblins
  17 kobolds
  5 rats (D:1)
130 creatures vanquished.

Vanquished Creatures (others)
  A plant (D:1)
1 creature vanquished.

Grand Total: 131 creatures vanquished

Notes
Turn   | Place    | Note
-------+----------+-------------------------------------------
     0 | D:1      | Pooter the Minotaur Fighter began the quest for the Orb.
     0 | D:1      | Reached XP level 1. HP: 19/19 MP: 0/0
   236 | D:1      | Reached skill level 3 in Axes
   236 | D:1      | Reached XP level 2. HP: 27/27 MP: 1/1
   362 | D:1      | Reached skill level 1 in Ranged Weapons
   376 | D:1      | Found a faded altar of an unknown god.
   587 | D:1      | Reached XP level 3. HP: 28/33 MP: 2/2
   762 | D:2      | Found a stormy altar of Qazlal.
  1359 | D:3      | Reached skill level 4 in Axes
  1490 | D:3      | Reached XP level 4. HP: 40/40 MP: 3/3
  2344 | D:4      | Reached skill level 1 in Evocations
  2344 | D:4      | Reached XP level 5. HP: 44/47 MP: 4/4
  2462 | D:4      | Found a staircase to the Ecumenical Temple.
  2471 | Temple   | Entered the Ecumenical Temple
  2471 | Temple   | Found a transporter.
  2471 | Temple   | Found a transporter.
  2473 | Temple   | Found a transporter.
  2473 | Temple   | Found a transporter.
  2489 | Temple   | Became a worshipper of Trog the Wrathful
  2810 | D:4      | Reached skill level 5 in Axes
  3289 | D:4      | Reached XP level 6. HP: 37/55 MP: 5/5
  3298 | D:4      | Reached skill level 5 in Fighting
  3492 | D:4      | Reached * piety under Trog
  3548 | D:5      | Entered Level 5 of the Dungeon
  3645 | D:5      | Reached skill level 6 in Axes
  3645 | D:5      | Reached XP level 7. HP: 50/61 MP: 6/6
  4992 | D:5      | Reached skill level 5 in Ranged Weapons
  5180 | D:6      | Found Fieshoaryvo's Armour Shoppe.
  5190 | D:6      | Noticed a steam dragon
  5198 | D:6      | Reached skill level 7 in Axes
  5205 | D:6      | Reached XP level 8. HP: 62/70 MP: 7/7
  5336 | D:6      | Found Ijeyrhem's Book Shop.
  6213 | D:7      | Reached skill level 8 in Axes
  6837 | D:8      | Found a flagged portal.
  6881 | Bailey   | Entered a bailey
  6897 | Bailey   | Reached ** piety under Trog
  6912 | Bailey   | Reached XP level 9. HP: 78/78 MP: 8/8
  6935 | Bailey   | Slain by an orc warrior

Illustrated notes

Levels and vault maps discovered:
D:1:      ebering_trefoil_twist, layout_rooms, chequers_ecumenical_altar_lobes
D:2:      layout_rooms, basic_altar, st_stairs_1
D:3:      layout_basic, minmay_bisected
D:4:      minmay_razor_zed, layout_loops_ring, minmay_temple_entry_water_ring
D:5:      layout_basic
D:6:      layout_loops_cross, serial_shops, shop, shop, grunt_ministairs_11,
          hangedman_abyss_or_decor_stabs, amethyst_killhole
D:7:      layout_gridville
D:8:      black_bear_nest_2, layout_loops_cross, nicolae_overflow_hidden_temple,
          minmay_lair_entry_grove, enter_bailey_5, nrook_loot_triangle,
          uniq_grum
Temple:   hellmonk_temple_divided_pantheon
Bailey:   bailey_axe_4, bailey

Skill      XL: |  1  2  3  4  5  6  7  8 |
---------------+-------------------------+-----
Axes           | 3 4 5 6 7 8 |  8.7
Ranged Weapons | 1 2 3 4 5 7 |  7.0
Fighting       | 4 5 6 |  6.9
Evocations     | 1 2 3 |  3.9
Armour         | |  3.6
Shields        | |  3.6

Action                   |  1- 3 |  4- 6 |  7- 9 || total
-------------------------+-------+-------+-------++-------
Melee: War axe           |    78 |   112 |   114 ||   304
       Headbutt          |    10 |    12 |    19 ||    41
       Punch             |       |       |     1 ||     1
       Morningstar       |       |       |    13 ||    13
 Fire: Sling             |       |    13 |     9 ||    22
       Shortbow          |       |       |    47 ||    47
Throw: Stone             |       |     3 |       ||     3
       Dart              |       |       |    11 ||    11
       Javelin           |       |       |     2 ||     2
       Throwing net      |       |       |     1 ||     1
Evoke: Wand              |       |       |     6 ||     6
  Use: Scroll            |     3 |     2 |     3 ||     8
       Potion            |       |     2 |     3 ||     5
Armor: Scale mail        |    16 |       |       ||    16
       Chain mail        |    10 |    51 |    64 ||   125
Dodge: Dodged            |    34 |    47 |    49 ||   130
Block: Buckler           |    21 |    20 |    24 ||    65
       Other             |       |       |    11 ||    11
       Reflection        |       |       |     2 ||     2

Table legend: (Time is in decaauts)
 A = Elapsed time spent in this place.
 B = Non-inter-level travel time spent in this place.
 C = Inter-level travel time spent in this place.
 D = Time resting spent in this place.
 E = Time spent auto-exploring this place.
 F = Levels seen in this place.
 G = Mean time per level.
                   A        B        C        D        E       F      G
               +--------+--------+--------+--------+--------+-----+--------+
         Total |   7044 |   6938 |    106 |   1426 |   4311 |  10 |  704.4 |
       Dungeon |   6941 |   6852 |     89 |   1421 |   4304 |   8 |  867.6 |
        Temple |     36 |     19 |     17 |      0 |      7 |   1 |   36.0 |
        Bailey |     66 |     66 |      0 |      5 |      0 |   1 |   66.0 |
               +--------+--------+--------+--------+--------+-----+--------+

Top non-repeatable levels by time:
     D:4: 1928 daAuts
     D:6: 1084 daAuts
     D:5: 1041 daAuts
     D:3: 958 daAuts
     D:1: 779 daAuts
     D:7: 609 daAuts
     D:2: 436 daAuts
     D:8: 102 daAuts
  Bailey: 66 daAuts
  Temple: 36 daAuts
